 Dungeon Crawl Stone Soup version 0.18.1-5-g4a78601 (webtiles) character file.

44 LORDOFBUTT the Skirmisher (level 3, -5/29 HPs)
             Began as a Demonspawn Berserker on May 10, 2016.
             Was a Believer of Trog.
             Slain by a worm (7 damage)
             ... on level 2 of the Dungeon.
             The game lasted 00:01:28 (962 turns).

LORDOFBUTT the Skirmisher (Demonspawn Berserker)     Turns: 962, Time: 00:01:29

Health: -5/29      AC:  2    Str: 17    XL:     3   Next: 39%
Magic:  3/3        EV: 12    Int:  8    God:    Trog [**....]
Gold:   81         SH:  0    Dex: 13    Spells: 0 memorised, 2 levels left

rFire  . . .     SeeInvis .     a - +0 hand axe
rCold  . . .     Gourm    .     b - +0 animal skin
rNeg   . . .     Faith    .     (no shield)
rPois  .         Spirit   .     (no helmet)
rElec  .         Dismiss  .     (no cloak)
rCorr  .         Reflect  .     (no gloves)
SustAt .         Harm     .     (no boots)
MR     ++...                    (no amulet)
Stlth  ++........               (no ring)
                                (no ring)

@: lethally poisoned (-5 -> -5), very slightly contaminated, regenerating,
hasted, very quick, very resistant to hostile enchantments, unstealthy
A: claws 1, nightstalker 1
a: Berserk, Trog's Hand, Burn Spellbooks, Renounce Religion


You were on level 2 of the Dungeon.
You worshipped Trog.
Trog was pleased with you.
You were not hungry.

You visited 1 branch of the dungeon, and saw 2 of its levels.

You collected 81 gold pieces.

Inventory:

Hand Weapons
 a - a +0 hand axe (weapon)
Armour
 b - a +0 animal skin (worn)
Jewellery
 e - an uncursed ring of ice {unknown}
 f - an uncursed amulet of dismissal {unknown}
Scrolls
 h - 3 scrolls of identify {unknown}
 j - a scroll of teleportation {unknown}
 k - a scroll of noise {unknown}
 l - 3 scrolls of enchant weapon {unknown}
 m - a scroll of remove curse {unknown}
 n - a scroll of blinking {unknown}
Comestibles
 c - a bread ration
 i - 2 meat rations


   Skills:
 + Level 3.4 Fighting
 + Level 3.1 Axes
 + Level 2.1 Armour
 + Level 2.2 Dodging
 + Level 0.6 Stealth


You had 2 spell levels left.
You didn't know any spells.

Dungeon Overview and Level Annotations

Branches:
Dungeon (2/15)

Altars:
Cheibriados


Innate Abilities, Weirdness & Mutations

You have sharp fingernails.
You are slightly more attuned to the shadows.


Message History

* * * LOW HITPOINT WARNING * * *
You feel sick.
The giant newt bites you but does no damage.
Drink which item? (? for menu, Esc to quit)
It was a potion of haste.
You feel yourself speed up. The giant newt closely misses you.
The worm barely misses you.
You are very lightly contaminated with residual magic.
You hit the worm.
The worm is severely wounded.
You hit the giant newt.
You kill the giant newt!
Trog accepts your kill. The worm barely misses you.
Your skin crawls.
You feel resistant to hostile enchantments.
You feel slightly more hungry.
You barely miss the worm.
The worm is severely wounded.
You feel sick. The worm bites you!
You die...

...# ..# . ...# #.# .#
...# ##.##.###.. ...#
#.......... #'##
#†......... #.#
######.......... ..#
#...............
########.........w.....
###.............@>.....
.#.....#...............
.#.....#...............
.#.....#...............
.#.....#...............
.#.....############....
.#.....# .... .#.....#
.#.....#


You could see a worm.

Vanquished Creatures
  An adder (D:2)
  An ooze (D:1)
  A dart slug (D:1)
  A giant gecko (D:1)
  A ball python (D:1)
  A bat (D:1)
  A giant cockroach (D:2)
  6 goblins
  A hobgoblin (D:2)
  5 jackals
  A giant newt (D:2)
  5 rats
25 creatures vanquished.

Notes
Turn   | Place    | Note
--------------------------------------------------------------
     0 | D:1      | LORDOFBUTT the Demonspawn Berserker began the quest for the Orb.
     0 | D:1      | Reached XP level 1. HP: 18/18 MP: 1/1
   164 | D:1      | Gained mutation: You are slightly more attuned to the shadows. [demonic ancestry]
   164 | D:1      | Reached XP level 2. HP: 14/24 MP: 2/2
   440 | D:1      | Found a snail-covered altar of Cheibriados.
   660 | D:2      | Reached ** piety under Trog
   662 | D:2      | Gained mutation: You have sharp fingernails. [demonic ancestry]
   662 | D:2      | Reached XP level 3. HP: 13/29 MP: 3/3
   958 | D:2      | HP: 1/29 [poisoned by an adder]
   962 | D:2      | Slain by a worm

Skill      XL: |  1  2 |
---------------+-------+-----
Dodging        | 2 |  2.2
Armour         | 2 |  2.1
Axes           | 3 |  3.1
Fighting       | |  3.4
Stealth        | |  0.6

Action                   || total
-------------------------++-------
Melee: Hand axe          ||    80
Invok: Berserk           ||     1
       Trog's Hand       ||     1
  Use: Potion            ||     3
 Stab: Sleeping          ||     4
  Eat: Pizza             ||     1
Armor: Animal skin       ||    15
Dodge: Dodged            ||    60
